[Event "NY Presidents Day IM-B 2024"]
[Site "New York"]
[Date "2024.02.17"]
[Round "4.3"]
[White "Sun, Ryan"]
[Black "Graif, William"]
[Result "1/2-1/2"]
[ECO "D94"]
[WhiteElo "2217"]
[BlackElo "2302"]
[Annotator "TA"]
[PlyCount "128"]
[EventDate "2024.02.14"]
[EventType "schev"]
[EventCountry "USA"]
[SourceTitle "playchess.com"]
[Source "ChessBase"]
[SourceQuality "1"]
[TimeControl "5400+30"]

1. Nf3 c5 2. c4 g6 3. Nc3 Bg7 4. e3 Nf6 5. d4 O-O 6. Be2 cxd4 7. Nxd4 d5 8. O-O dxc4 9. Bxc4 a6 10. Be2 Qc7 11. Bd2 e5 12. Nb3 Nc6 13. Bf3 Rd8 14. Rc1 Bf5 15. Nc5 Bf8 16. N3e4 Nxe4 17. Nxe4 Bxe4 18. Bxe4 Bb4 19. Bxb4 (19. Rc2 $11) 19... Rxd1 $17 20. Rfxd1 Rd8 21. Bd5 a5 22. Ba3 Qb6 23. h3 a4 24. Rc2 (24. Bc4 $15) 24... Kg7 $17 25. Rcd2 Qa5 26. e4 Nd4 27. f4 Nb5 28. fxe5 Nxa3 29. bxa3 Rd7 30. Rf2 Kh6 31. Rdf1 Qc3 32. Rxf7 Rxf7 ({Better is} 32... Qd4+ $1 $19 33. Kh1 Rxf7 34. Rxf7 Qa1+ (34... Qxe5 35. Rxb7 Qg3 36. Rf7 $17) 35. Kh2 Qxe5+ 36. Kg1 b6) 33. Rxf7 $15 Qd4+ (33... Qxa3 34. e6 $14 (34. Rxb7 Qe3+ 35. Kh2 Qf4+ 36. g3 Qxe5 $15)) 34. Kf1 $1 Qa1+ 35. Kf2 Qb2+ (35... Qxe5 36. Rxb7 Qd4+ 37. Kg3 $17) 36. Kg1 Qd4+ (36... Qxa3 37. e6 $14 (37. Rxb7 Qc1+ 38. Kh2 Qf4+ 39. g3 Qxe5 $15)) 37. Kf1 $1 Qxe5 38. Rxb7 Qc3 39. Rf7 Qxa3 40. Kg1 Qc3 41. Rf3 Qe1+ 42. Kh2 Kg5 43. Rf7 h5 $1 44. Rf3 Kh6 45. Rf6 Qc3 46. Rf3 Qe5+ 47. Kh1 (47. Kg1 $1 $15) 47... g5 $17 48. Rf5 Qc3 49. Rf3 $2 (49. Kh2 $17 {is tougher.}) 49... Qa1+ $2 (49... Qe1+ $1 $19 50. Kh2 g4 51. hxg4 hxg4) 50. Kh2 $17 {[%emt 0:00:02] [#]} Qe5+ ({Black should play} 50... Qe1 $1 $19 51. Rf6+ Kg7) 51. g3 $17 h4 52. Kg2 Qb2+ 53. Rf2 a3 54. gxh4 ({But not} 54. Rxb2 $2 axb2 55. gxh4 gxh4 $19 (55... b1=B $2 56. hxg5+ Kxg5 57. Kg3 $18) (55... b1=Q $2 56. e5 $19)) 54... gxh4 55. Be6 ({Not} 55. Rxb2 $2 axb2 56. Kf3 b1=Q $19 (56... b1=B $2 {perishes.} 57. a4 $18)) 55... Qe5 56. Bg4 Qxe4+ 57. Kg1 Kg5 58. Rf5+ {[%emt 0:00:22] [#]} Qxf5 (58... Kg6 $1 $17 {Strongly threatening ...Qb1+.} 59. Rf2 Qe1+ 60. Kg2 Qb4) 59. Bxf5 $11 Kxf5 60. Kf1 Ke5 (60... Kf4 $5 61. Kf2 $8 Ke5 $11) 61. Ke1 $1 Kd5 62. Kd1 Ke5 (62... Kd4 $5 63. Kd2 $8 Ke5 $11) 63. Ke1 $1 Kd5 (63... Ke4 $5 64. Ke2 $8 Kd4 $11) 64. Kd1 Ke5 1/2-1/2

[Event "NY Presidents Day IM-B 2024"]
[Site "New York"]
[Date "2024.02.17"]
[Round "4.4"]
[White "Xu, Grant"]
[Black "Bortnyk, Mykola"]
[Result "0-1"]
[ECO "B22"]
[WhiteElo "2313"]
[BlackElo "2421"]
[Annotator "TA"]
[PlyCount "108"]
[EventDate "2024.02.14"]
[EventType "schev"]
[EventCountry "USA"]
[SourceTitle "playchess.com"]
[Source "ChessBase"]
[SourceQuality "1"]
[TimeControl "5400+30"]

1. e4 c5 2. c3 d5 3. exd5 Qxd5 4. d4 g6 5. Be3 Nf6 6. dxc5 (6. Na3 $5) 6... Qxd1+ 7. Kxd1 Ng4 8. Bb5+ {[%emt 0:00:36] The position is equal.} Bd7 9. Na3 a5 (9... e6 $11) 10. Nf3 $14 e5 {[%emt 0:03:58] Prevents Bd4.} 11. Kc2 Nxe3+ 12. fxe3 f6 (12... Nc6 $11) 13. Bxd7+ $16 Nxd7 14. Nb5 Rc8 {[%emt 0:00:35] Against Nc7+} 15. Nd6+ (15. b4 $14) 15... Bxd6 $11 16. cxd6 Kf7 17. Rad1 Ke6 18. h4 Nb6 19. e4 Nc4 {[%emt 0:03:42] Hoping for ...Ne3+.} 20. d7 Rcd8 21. Rhe1 {[%emt 0:02:31] Repels Ne3+} Rxd7 22. Rxd7 Kxd7 {[%emt 0:00:01][%mdl 4096] Endgame. KRN-KRN} 23. g4 h5 24. gxh5 Rxh5 25. b3 Nd6 26. c4 b6 27. Kd3 Ke6 28. Rg1 Rh6 29. Re1 Nf7 30. c5 bxc5 $17 31. Kc4 g5 32. hxg5 fxg5 33. Kxc5 g4 34. Nd2 Rh2 35. Nc4 Ng5 {[%emt 0:01:18] Threatens to win with ...g3. Black is more active.} (35... Rxa2 $6 36. Rg1 $11) 36. Ne3 $2 {[%emt 0:06:25][%mdl 8192] Loses the game.} (36. Rg1 $17 {is a better defense.} Nxe4+ (36... Rxa2 37. Rxg4 Nh7 38. Rg3 $11) 37. Kb6) 36... g3 $19 ({Weaker is} 36... Rxa2 37. Nxg4 a4 38. Kb4 $15) (36... Nxe4+ 37. Kb6 g3 (37... Rxa2 38. Nxg4 Kf5 39. Ne3+ Kf6 40. Nc4 $11) (37... Nf6 $2 38. a4 $19) 38. Ng4 $19) 37. Rg1 (37. a3 $142) 37... Nxe4+ 38. Kc4 Rd2 ({Less strong is} 38... Rxa2 39. Kd3 $17) 39. Rg2 (39. Ra1 $142) 39... Rxg2 40. Nxg2 {[%emt 0:00:02] KN-KN} Nf6 41. b4 axb4 42. Kxb4 Nd5+ {[%emt 0:00:07] Black mates.} 43. Kc4 Nf4 44. Nh4 g2 45. Nf3 Nh3 46. a4 Kd6 ({And not} 46... g1=R 47. Nxg1 Nxg1 48. a5 $11) 47. Kd3 Kd5 48. Ke2 e4 49. Ng1 Nxg1+ 50. Kf2 Nf3 51. Kxg2 Kc4 52. a5 Kb5 53. Kg3 Kxa5 54. Kf4 {[%emt 0:00:04] [#]} Ng5 $1 {[%emt 0:00:03] Weighted Error Value: White=0.57/Black=0.09 (flawless) .  Loses game:     	White=1     	---        Mistake:       	White=4     	Black=2      Inaccurate:     	White=2     	Black=2      OK:         	White=10    	Black=13     Best:        	White=2     	Black=5} 0-1

[Event "NY Presidents Day IM-B 2024"]
[Site "New York"]
[Date "2024.02.17"]
[Round "4.5"]
[White "Poliannikov, Danila"]
[Black "Lima, Darcy"]
[Result "1-0"]
[ECO "C64"]
[WhiteElo "2282"]
[BlackElo "2370"]
[Annotator "TA"]
[PlyCount "87"]
[EventDate "2024.02.14"]
[EventType "schev"]
[EventCountry "USA"]
[SourceTitle "playchess.com"]
[Source "ChessBase"]
[SourceQuality "1"]
[TimeControl "5400+30"]

1. e4 e5 2. Nf3 Nc6 3. Bb5 a6 4. Ba4 Bc5 5. O-O Nge7 6. c3 (6. Nxe5 $5 Nxe5 7. d4 $14) 6... Ng6 7. d4 Ba7 8. Bg5 f6 {[%emt 0:00:12] White is slightly better.} 9. Be3 O-O 10. Nbd2 d6 11. Re1 Kh8 12. h3 Bd7 13. Nf1 Qe8 14. Bc2 Nd8 15. Ng3 Ne7 16. b4 Nf7 17. a4 c6 18. a5 Be6 19. Qd3 g6 (19... Qc8 $142) 20. Qe2 Bb8 21. c4 Bc7 22. d5 (22. Bb3 $142) 22... Bd7 $16 23. Nh4 cxd5 24. cxd5 Nc8 25. Rac1 Na7 26. Bd3 Bd8 27. Nf3 {[%emt 0:00:09] White is much more active.} Nb5 28. Nd2 Rc8 29. Rxc8 Bxc8 30. Rc1 {[%emt 0:00:17] Against Nc3} Bd7 31. Nc4 $36 {[%emt 0:00:31][%mdl 2048] White is on the roll.} Kg7 ({Black should try} 31... Qe7 32. Nb6 Nd4 33. Bxd4 exd4 34. Nxd7 Qxd7) 32. Nb6 Bxb6 33. axb6 Nd8 34. h4 f5 $2 {[%emt 0:05:18] [#] Loses the game.} (34... Kh8 $16 {is more resistant.} 35. Qd2 h5 36. Bxb5 Bxb5) 35. exf5 $18 gxf5 36. f4 ({Don't do} 36. Nh5+ Kh8 37. Bh6 Nd4) (36. Rc7 $142 {[%cal Od3f5] Strongly threatening Bxf5!} Nxc7 37. bxc7) 36... Qg6 (36... Kg8 {was worth a try.} 37. h5 Qf7 38. fxe5 dxe5) 37. Qf2 Kh8 38. h5 Qf7 39. fxe5 {[%emt 0:01:36] Black is weak on the dark squares} Qxd5 40. Bxb5 ({Less strong is} 40. Bxf5 dxe5 41. Be4 Qg8 $18) 40... axb5 41. exd6 Bc6 $2 {[%emt 0:00:33] [#]} (41... Rf7 42. Ra1 f4) 42. Bd4+ {[%emt 0:00:43] White is clearly winning.} Kg8 43. Rc5 Qxd6 44. Nxf5 {[%emt 0:01:23] Weighted Error Value: White=0.22 (precise) /Black=0.41.  Loses game:     	---       	Black=1      Mistake:       	White=2     	Black=4      Inaccurate:     	White=1     	Black=4      OK:         	White=13    	Black=9      Best:        	White=5     	Black=2} 1-0

[Event "NY Presidents Day IM-B 2024"]
[Site "New York"]
[Date "2024.02.17"]
[Round "4.6"]
[White "Wongso, Steve"]
[Black "Jimenez Fraga, Pedro Alejandro"]
[Result "0-1"]
[ECO "B33"]
[WhiteElo "2229"]
[BlackElo "2447"]
[Annotator "TA"]
[PlyCount "110"]
[EventDate "2024.02.14"]
[EventType "schev"]
[EventCountry "USA"]
[SourceTitle "playchess.com"]
[Source "ChessBase"]
[SourceQuality "1"]
[TimeControl "5400+30"]

1. e4 c5 2. Nf3 Nc6 3. d4 cxd4 4. Nxd4 Qb6 5. Nb3 Nf6 6. Nc3 e6 7. Be3 Qc7 8. g3 a6 9. Bg2 d6 10. O-O Ne5 11. f4 Nc4 12. Bc1 Be7 13. g4 Rb8 14. g5 Nd7 15. Nd4 b5 16. f5 e5 17. f6 exd4 18. Nd5 Qc5 19. b4 Qa7 20. Nxe7 (20. fxe7 Bb7 $11) 20... g6 21. Nc6 Qb6 22. Nxb8 Nxb8 23. Kh1 Nc6 24. Qe1 Bb7 25. Bf4 N6e5 26. Rd1 Nb2 (26... O-O $16 27. Qh4 h5) 27. Rb1 Nbc4 28. Qg3 (28. Qh4 $142) 28... Bc8 29. h3 Be6 30. Rfe1 O-O 31. Qf2 Rc8 32. Rbd1 Nc6 33. Bf1 (33. Re2 $16) 33... Nxb4 $14 34. Bxc4 (34. Qxd4 Qxd4 35. Rxd4 Nxc2 $17 (35... Nxa2 $2 36. Bxc4 Bxc4 37. Rxd6 $18)) (34. Rxd4 Nxc2 (34... Nxa2 $2 35. Bxc4 bxc4 36. Rd2 $18) 35. Red1 Nxd4 36. Qxd4 Qa5 $11) (34. h4 $14) 34... bxc4 ({Black should play} 34... Rxc4 $11 35. c3 Rxc3 36. Qxd4 Rxh3+ 37. Bh2 Qxd4 38. Rxd4 Nd3 (38... Nxa2 39. Rxd6 h5 40. Red1 $18)) 35. a3 (35. Rxd4 $2 Nxc2 (35... Nxa2 $2 36. Qe3 $18) 36. Qxc2 Qxd4 $19) (35. Qxd4 Qxd4 36. Rxd4 Nxc2 $17 (36... Nxa2 $2 37. Rxd6 Re8 38. Red1 $18)) 35... Nc6 $1 36. Bxd6 Qa5 (36... Qb5 $14 {should be considered.}) 37. Qh4 (37. Qg3 $16) 37... h5 $1 $11 (37... Qc3 $6 38. Qh6 Qxh3+ (38... Qf3+ 39. Kg1) 39. Qxh3 Bxh3 40. Rb1 $16) 38. gxh6 Kh7 39. Qg3 Qh5 40. Kh2 Rd8 (40... d3 $5 41. cxd3 Nd4 $11) 41. e5 c3 (41... Rc8 $11) 42. Rb1 (42. Rd3 $1 $16) 42... Re8 43. Qg2 $2 (43. a4 $11) 43... Rc8 $2 (43... d3 $1 $19 44. Re3 (44. Qxc6 d2 $17) (44. cxd3 $2 Nd4 $19) 44... dxc2 45. Qxc2 (45. Qxc6 cxb1=Q 46. Qg2 c2 47. Bb4 c1=Q 48. Bd2 Bxh3 49. Bxc1 Bxg2+ 50. Kxg2 Qc2+) 45... Nd4 46. Qxc3 Rc8) 44. Qg3 $11 Re8 45. Rb7 (45. a4 $11 {keeps the balance.}) 45... Rc8 ({Better is} 45... Qf5 $1 $17 46. Re2 d3) 46. Bc7 $2 (46. Kg1 $11 {and White is okay.}) 46... Qf5 $1 $19 47. Re2 {[%emt 0:01:27] [#]} Bd5 $2 ({Black should try} 47... d3 $1 $19 48. Qxd3 (48. cxd3 $2 {perishes.} Nd4 $19) 48... Qxd3 49. cxd3 Nd4) 48. Bd6 $2 {[%emt 0:00:12][%mdl 8192] [#]} (48. Bb6 $11) 48... d3 $1 $19 (48... Nxe5 49. Qxe5 Bxb7 50. Qxf5 gxf5 51. Re7 $19) 49. cxd3 Nd4 50. Rf2 c2 51. Rxf5 c1=Q (51... c1=B $2 {too greedy.} 52. Rxf7+ Bxf7 53. Rf2 Bxh6 54. Qg2 $18) 52. Qf2 Qh1+ 53. Kg3 Nxf5+ 54. Kg4 Nxh6+ 55. Kf4 Bxb7 0-1

[Event "NY Presidents Day IM-B 2024"]
[Site "New York"]
[Date "2024.02.18"]
[Round "5.1"]
[White "Jimenez Fraga, Pedro Alejandro"]
[Black "Rajesh, C.S."]
[Result "1/2-1/2"]
[ECO "B40"]
[WhiteElo "2447"]
[BlackElo "2218"]
[Annotator "TA"]
[PlyCount "130"]
[EventDate "2024.02.14"]
[EventType "schev"]
[EventCountry "USA"]
[SourceTitle "playchess.com"]
[Source "ChessBase"]
[SourceQuality "1"]
[TimeControl "5400+30"]

1. e4 c5 2. Nf3 e6 3. c3 Nf6 4. d3 Nc6 5. g3 d5 6. e5 Nd7 7. d4 Be7 8. Be3 O-O 9. Bg2 (9. Nbd2 $11) 9... b5 $15 10. Nbd2 a5 11. O-O Ba6 12. Re1 b4 13. Bf1 Bxf1 14. Kxf1 bxc3 15. bxc3 cxd4 16. Bxd4 Nxd4 (16... Qc7 $17) 17. cxd4 $11 a4 18. Rb1 Qa5 19. Qe2 Rab8 20. Rec1 Rxb1 21. Rxb1 Rb8 {[%emt 0:00:17] Prevents Rb7} 22. Qd3 Rxb1+ 23. Qxb1 Qa6+ 24. Ke1 (24. Kg2 $11 {keeps the balance.}) 24... Nb6 $17 25. Qc2 Qc8 (25... Nc8 $17 26. Qb1 h6) 26. Qxc8+ $11 Nxc8 {[%emt 0:00:04][%mdl 4096] Endgame. KBN-KNN} 27. Nb1 Kf8 28. Kd2 Bb4+ 29. Kd3 Nb6 30. Nc3 Ke8 31. Kc2 Be7 32. Ne1 Kd7 33. Nd3 f6 34. f4 Kc6 35. exf6 gxf6 {[%emt 0:03:06] [#]} 36. f5 $1 exf5 37. Nf4 Bd6 38. Nh5 f4 39. gxf4 f5 40. Kd3 Kd7 41. Nd1 Nc8 42. Ke3 Ke6 {[%emt 0:02:06] Wards off Nf6} 43. Nc3 Nb6 44. Ng7+ Kf6 45. Ne8+ {[%emt 0:00:06] A dynamic duo of knights.} Ke7 46. Nxd6 Kxd6 {[%emt 0:00:02] KN-KN} 47. Kd3 Kc6 48. Kc2 Nc4 49. Nxa4 Ne3+ $1 50. Kd3 Ng2 51. Nc5 Nxf4+ 52. Ke3 Ng6 53. a4 Kb6 {[%emt 0:00:03] The position is equal.} 54. Nd7+ Ka5 55. Nf6 Kxa4 56. Nxd5 Kb5 57. Nf6 h6 58. Ng8 h5 59. Nh6 Ne7 60. Kf4 Kc4 61. Nxf5 Nxf5 62. Kxf5 {[%emt 0:00:16] [#] White threatens Ke5 and mate.} Kxd4 63. h4 Kd5 64. Kg5 Ke6 65. Kxh5 Kf7 {[%emt 0:00:02] Weighted Error Value: White=0.08 (flawless) /Black=0.08 (flawless) .  Mistake:       	White=2     	Black=2      Inaccurate:     	White=1     	Black=2      OK:         	White=24    	Black=27     Best:        	White=1     	Black=6      Strong:       	---       	Black=1} 1/2-1/2

[Event "NY Presidents Day IM-B 2024"]
[Site "New York"]
[Date "2024.02.18"]
[Round "5.2"]
[White "Bortnyk, Mykola"]
[Black "Sun, Ryan"]
[Result "1-0"]
[ECO "E17"]
[WhiteElo "2421"]
[BlackElo "2217"]
[Annotator "TA"]
[PlyCount "141"]
[EventDate "2024.02.14"]
[EventType "schev"]
[EventCountry "USA"]
[SourceTitle "playchess.com"]
[Source "ChessBase"]
[SourceQuality "1"]
[TimeControl "5400+30"]

1. c4 Nf6 2. Nf3 e6 3. g3 b6 4. Bg2 Bb7 5. Nc3 Be7 6. O-O O-O 7. Re1 d5 8. cxd5 exd5 9. d4 Nbd7 10. Bf4 c5 11. Rc1 Re8 12. Nb5 Nh5 13. Bc7 {[%emt 0:05:10] White is slightly better.} Qc8 {[%emt 0:00:09] And now ...a6 would win.} 14. dxc5 bxc5 15. Bd6 {[%emt 0:02:15] Black must now prevent Nfd4.} Qc6 (15... a6 $14 16. Bxe7 Rxe7 (16... axb5 17. Bxc5 Nxc5 18. b4 $18)) 16. Nfd4 $1 $16 Qb6 17. Bxe7 (17. Nf5 $142 Bg5 18. e3 Qxb5 19. Qxh5) 17... Rxe7 (17... cxd4 $2 18. Nc7 $18) 18. Nf5 Re5 19. Nbd6 {[%emt 0:01:08] e4 would now be deadly.} Nhf6 {[%emt 0:01:28] [#]} 20. e4 $1 dxe4 21. Nc4 Qe6 22. Nxe5 Nxe5 23. Nd6 Rd8 24. Nxb7 Rxd1 25. Rcxd1 (25. Rexd1 $6 h6 $16) 25... Ned7 {[%emt 0:02:57] [#]} (25... Qxa2 26. Rd8+) (25... Nd3 $2 26. Rxd3 g6 27. Nxc5 Qxa2 28. Nxe4 Nxe4 29. Rxe4 $18 (29. Bxe4 Kg7 $18)) (25... g6 $11 26. Nxc5 (26. Bxe4 $2 Nxe4 27. Nxc5 Nxc5 $19) 26... Qxa2) 26. Bxe4 $1 $14 Qxa2 {[%emt 0:04:25] [#]} (26... Nxe4 $2 27. Nxc5 Qf5 28. Rxe4 $16 (28. Nxd7 $2 Qxf2+ 29. Kh1 f6 $19) (28. Nxe4 h6 $16)) (26... g6 27. Bd5) 27. Nxc5 $1 {[%emt 0:06:14] White is much more active.} Nf8 28. b4 Qc4 {[%emt 0:01:42] Black is weak on the light squares} 29. Rb1 a5 30. Rec1 $1 $16 Qd4 {[%emt 0:01:52] [#]} (30... Qb5 $16) 31. bxa5 $1 $18 Nxe4 32. Nxe4 Qxe4 33. a6 Qa8 {[%emt 0:03:00] Prevents a7} 34. Ra1 {[%emt 0:00:04][%mdl 1024] White has strong compensation.} Qa7 {[%emt 0:00:09] [#]} 35. Rc7 $3 Qd4 (35... Qxc7 36. a7) 36. Rac1 {[%emt 0:00:39] Strongly threatening a7.} Qa4 (36... Ne6 $2 37. a7 g6 38. a8=Q+ $18 (38. a8=B $2 Nxc7 39. Bf3 Nb5 $19) (38. Rc8+ Kg7 $18)) 37. a7 {[%emt 0:00:04] Hoping for Re7.} h5 $2 (37... g5 {is a better chance.} 38. Re7 Kg7) 38. h4 {[%emt 0:01:09] Threatens to win with Rb1.} g5 39. R1c5 ({Less strong is} 39. hxg5 Kg7 $16) 39... gxh4 40. Rg5+ ({Stronger than} 40. Rxh5 Qd1+ 41. Kg2 Qxh5 $11) 40... Kh7 41. Rxf7+ Kh6 42. Rxf8 {[%emt 0:03:51][%mdl 4096] Endgame. gxh4 would kill now. KQ-KRR} Qa1+ 43. Kg2 Qxa7 44. gxh4 {[%emt 0:00:27] Intending Rh8+ and mate.} Qb7+ 45. Kg1 Qb2 {[%emt 0:00:20] Against Rh8+} 46. Rff5 Qc1+ 47. Kg2 Qc6+ 48. Rd5 Kh7 49. Rxh5+ Kg6 50. Rhg5+ Kh6 51. h5 (51. Rge5 $142) 51... Kh7 52. Rge5 Kh6 53. Kg3 Qc7 54. f4 {[%emt 0:00:42] aiming for Re6+.} Qg7+ 55. Kh4 (55. Rg5 $1 $18 Qc3+ 56. Kg4 Qc8+ 57. Kh4) 55... Qe7+ 56. Kg4 Qd7+ $1 57. Kg3 ({Don't do} 57. Kh4 Qe7+ 58. Kg3 Qa3+ 59. Kg4 Qe7 $16) (57. Kf3 $14) 57... Qg7+ $1 58. Kf3 (58. Rg5 $18 Qc3+ 59. Kg4 Qc8+ 60. Rgf5) 58... Qd7 $14 59. Rf5 Qc6 {[%emt 0:00:40] Prevents Rf6+.} 60. Kg4 {[%emt 0:00:22] Rfe5 is the strong threat.} Qd7 61. Kg3 {[%emt 0:00:34] White wants to mate with Rf6+.} Qg7+ ({Better is} 61... Qe7 $14) 62. Rg5 $1 $18 Qc3+ 63. Kg4 {[%emt 0:00:07] Threatening mate with Rd6+.} Qc8+ 64. Kh4 Qc7 65. Rg6+ Kh7 66. Rf6 (66. Rdd6 $142 $1 {White threatens Rh6+ and mate.} Qe7+ 67. Kg4 Qe2+ 68. Kg5 Qg2+ 69. Kf6 Qb2+ 70. Ke7) 66... Qe7 ({Black should play} 66... Qa7) 67. Kg5 $16 Kg7 $2 {[%emt 0:00:27] A mistake that costs the game.} (67... Kh8 $16) 68. Rdd6 {[%emt 0:00:06] White mates.} Kh8 {[%emt 0:01:12] [#]} 69. Kf5 $1 Qh7+ {[%emt 0:00:08] [#]} 70. Kg4 $1 Qg7+ 71. Kh3 {[%emt 0:00:07] Weighted Error Value: White=0.06 (flawless) /Black=0.32.  Loses game:     	---       	Black=1      Mistake:       	White=6     	Black=7      Inaccurate:     	White=2     	Black=4      OK:         	White=18    	Black=19     Best:        	White=6     	Black=2      Strong:       	White=4     	Black=2      Brilliant:      	White=1     	---} 1-0

[Event "NY Presidents Day IM-B 2024"]
[Site "New York"]
[Date "2024.02.18"]
[Round "5.3"]
[White "Lima, Darcy"]
[Black "Lee, Megan"]
[Result "1-0"]
[ECO "B50"]
[WhiteElo "2370"]
[BlackElo "2267"]
[Annotator "RC"]
[PlyCount "67"]
[EventDate "2024.02.14"]
[EventType "schev"]
[EventCountry "USA"]
[SourceTitle "playchess.com"]
[Source "ChessBase"]
[SourceQuality "1"]
[TimeControl "5400+30"]

1. e4 c5 2. Nf3 d6 3. c3 Nf6 4. Be2 Nc6 5. d4 cxd4 6. cxd4 Nxe4 7. d5 Qa5+ 8. Nc3 Nxc3 9. bxc3 Ne5 10. Nxe5 Qxc3+ 11. Bd2 Qxe5 12. O-O Qxd5 13. Qc1 Bf5 14. Be3 a6 15. Qb2 e5 16. Rfd1 Qc6 17. Rac1 Qd7 18. Bf3 e4 19. Be2 b5 20. a4 Rb8 21. axb5 axb5 22. Rd5 b4 23. Ra5 f6 24. Bc4 Ke7 25. Bd5 Rb5 26. Ra7 Rxd5 27. Qxb4 Qxa7 28. Bxa7 Rd3 29. g4 Bg6 30. Bd4 Rxd4 31. Qxd4 h5 32. Qd5 Be8 33. Qxe4+ Kd8 34. Qa8+ 1-0

[Event "NY Presidents Day IM-B 2024"]
[Site "New York"]
[Date "2024.02.18"]
[Round "5.4"]
[White "Tanenbaum, Zachary"]
[Black "Xu, Grant"]
[Result "0-1"]
[ECO "B01"]
[WhiteElo "2272"]
[BlackElo "2313"]
[Annotator "TA"]
[PlyCount "50"]
[EventDate "2024.02.14"]
[EventType "schev"]
[EventCountry "USA"]
[SourceTitle "playchess.com"]
[Source "ChessBase"]
[SourceQuality "1"]
[TimeControl "5400+30"]

1. e4 d5 2. exd5 Qxd5 3. Nc3 Qd8 4. d4 Nf6 5. Nf3 Bg4 6. Bc4 {[%emt 0:00:47][%cal Of3e5] [#] Ne5! ist eine echte Drohung.} e6 7. h3 Bxf3 8. Qxf3 {[%emt 0:00:06] Weiß steht etwas besser.} c6 9. Bb3 (9. Be3 $14) 9... Qxd4 $11 10. Be3 Qb4 11. O-O-O Be7 12. g4 O-O 13. Bd2 {[%emt 0:02:12][%cal Oc3d5][%mdl 1024] [#] Droht Nd5! und aus. Weiss hat Kompensation.} Qb6 14. g5 Nd5 15. h4 Nd7 16. h5 Nc5 17. Rdg1 (17. Na4 $11 Nxb3+ 18. axb3) 17... Nxb3+ $15 18. cxb3 (18. axb3 $15 Qa5 19. Kb1) 18... Qc5 19. Qg2 (19. Kb1 $17 {war einen Versuch wert.}) 19... Nxc3 20. Bxc3 Qd5 21. f3 Rad8 {[%emt 0:03:29] Schwarz steht aktiver.} 22. Rh4 $2 {[%emt 0:00:53] Der Zug kostet die Partie für Weiß.} (22. Qg4 $17 {kämpft weiter.}) 22... Bc5 $19 23. Rf1 $2 (23. Rgh1) 23... Be3+ 24. Kb1 Qd3+ 25. Qc2 Qxf1+ {[%emt 0:00:06] Gewichteter Fehlerwert: Weiß=0.80/Schwarz=0.10 (sehr präzise) .  Fehler:       	Weiß=6     	---        Ungenau:       	Weiß=3     	Schwarz=1     OK:         	Weiß=3     	Schwarz=9     Bester:       	---       	Schwarz=1} 0-1

[Event "NY Presidents Day IM-B 2024"]
[Site "New York"]
[Date "2024.02.18"]
[Round "5.5"]
[White "Pang, Qi"]
[Black "Poliannikov, Danila"]
[Result "0-1"]
[ECO "A34"]
[WhiteElo "2148"]
[BlackElo "2282"]
[Annotator "RC"]
[PlyCount "132"]
[EventDate "2024.02.14"]
[EventType "schev"]
[EventCountry "USA"]
[SourceTitle "playchess.com"]
[Source "ChessBase"]
[SourceQuality "1"]
[TimeControl "5400+30"]

1. Nf3 Nf6 2. c4 c5 3. g3 d5 4. cxd5 Nxd5 5. Bg2 Nc6 6. Nc3 Nc7 7. O-O e5 8. d3 Be7 9. Bd2 Bd7 10. Rc1 O-O 11. a3 Rc8 12. Na4 Na6 13. Nc3 Be6 14. Ne4 f6 15. h4 Qd7 16. Kh2 h6 17. Qa4 Rfd8 18. Be3 Nd4 19. Qxd7 Bxd7 20. Nc3 Bc6 21. Nd2 Bxg2 22. Kxg2 Nc7 23. Bxd4 exd4 24. Nce4 Ne6 25. g4 h5 26. gxh5 Nf4+ 27. Kf3 Nxh5 28. Ng3 Nxg3 29. fxg3 f5 30. Kg2 g6 31. Nc4 Kg7 32. a4 Re8 33. Rf2 Rc6 34. Rc2 Re6 35. Kf3 Bd8 36. Rf1 b6 37. Ra1 a6 38. Ra3 Bc7 39. Ra1 Kh6 40. Rg1 Kh5 41. b3 Bb8 42. Rg2 R8e7 43. Rg1 b5 44. axb5 axb5 45. Na3 Re3+ 46. Kf2 Kg4 47. Nxb5 Bxg3+ 48. Rxg3+ Rxg3 49. Rxc5 Rd7 50. Rc4 Kxh4 51. Nxd4 Kh3 52. Nf3 Rg2+ 53. Kf1 Ra7 54. Ra4 Re7 55. Ng1+ Rxg1+ 56. Kxg1 Rxe2 57. Ra5 Kg4 58. b4 f4 59. b5 Kg3 60. Kf1 Rb2 61. b6 Rxb6 62. Rg5+ Kh4 63. Rd5 g5 64. Rf5 Kg4 65. Rd5 Kf3 66. Kg1 Rb1+ 0-1

[Event "NY Presidents Day IM-B 2024"]
[Site "New York"]
[Date "2024.02.18"]
[Round "5.6"]
[White "Graif, William"]
[Black "Wongso, Steve"]
[Result "1-0"]
[ECO "C56"]
[WhiteElo "2302"]
[BlackElo "2229"]
[Annotator "TA"]
[PlyCount "27"]
[EventDate "2024.02.14"]
[EventType "schev"]
[EventCountry "USA"]
[SourceTitle "playchess.com"]
[Source "ChessBase"]
[SourceQuality "1"]
[TimeControl "5400+30"]

1. e4 e5 2. Nf3 Nc6 3. Bc4 Nf6 4. d4 exd4 5. e5 d5 6. Bb5 Nd7 7. O-O a6 {[%emt 0:09:15] [#]} (7... Be7 $11) 8. Bxc6 $1 $16 bxc6 9. Nxd4 {[%emt 0:23:47] White is slightly better.} (9. Bg5 $5 Be7 10. Bxe7 Qxe7 11. Nxd4 $14 (11. Qxd4 O-O $11)) 9... Nb8 {[%emt 0:00:07] [#]} 10. e6 $1 {[%emt 0:11:09] White is more active.} Qf6 (10... Bxe6 11. Nxe6) 11. exf7+ Kxf7 12. c4 h6 (12... Bc5 $142) 13. cxd5 cxd5 $2 (13... Bd6 $16 {is tougher.}) 14. Qh5+ {[%emt 0:00:56] White took control after the opening.   Weighted Error Value: White=0.03 (flawless) /Black=1.13.  Loses game:     	---       	Black=1      Mistake:       	---       	Black=2      Inaccurate:     	White=1     	Black=1      OK:         	White=4     	---        Best:        	White=1     	---        Strong:       	White=1     	---} 1-0